 Dungeon Crawl Stone Soup version 0.25.1-2-g60ff931df9 (webtiles) character file.

Game seed: 13876910817012336506

52586 zhorgal the Severer (level 14, -3/129 HPs)
             Began as a Minotaur Berserker on Sept 25, 2020.
             Was the Champion of Trog.
             Killed from afar by Sefotic's ghost (30 damage)
             ... with a bolt of lightning
             ... on level 6 of the Lair of Beasts.
             The game lasted 01:08:32 (20432 turns).

zhorgal the Severer (Minotaur Berserker)           Turns: 20432, Time: 01:08:33

Health: -3/129     AC: 20    Str: 27    XL:     14   Next: 27%
Magic:  19/19      EV: 11    Int:  4    God:    Trog [******]
Gold:   2266       SH:  0    Dex: 10    Spells: 13/13 levels left

rFire    . . .     SeeInvis .   T - +3 battleaxe (flame)
rCold    + . .     Gourm    .   (shield currently unavailable)
rNeg     . . .     Faith    .   G - +0 plate armour
rPois    .         Spirit   .   (helmet restricted)
rElec    .         Reflect  .   A - +2 cloak {MR+}
rCorr    +         Harm     .   d - +1 pair of gloves
MR       ++++.                  (no boots)
Stlth    ..........             L - amulet of regeneration
HPRegen  1.71/turn              b - ring of protection from cold
MPRegen  0.16/turn              K - ring of resist corrosion

@: regenerating
A: retaliatory headbutt, horns 2
a: Berserk, Trog's Hand, Brothers in Arms, Renounce Religion


You were on level 6 of the Lair of Beasts.
You worshipped Trog.
Trog was exalted by your worship.
You were not hungry.

You visited 3 branches of the dungeon, and saw 18 of its levels.

You collected 2419 gold pieces.
You spent 153 gold pieces at shops.

Inventory:

Hand Weapons
 S - a +4 executioner's axe of flaming
 T - a +3 battleaxe of flaming (weapon)
 Z - the +7 hunting sling "Southrio" {freeze, Str+4}
   (You found it on level 10 of the Dungeon)

   It causes projectiles fired from it to freeze those they strike, causing
   extra injury to most foes and up to half again as much damage against
   particularly susceptible opponents.
   They can also slow down cold-blooded creatures.
   It affects your strength (+4).
Missiles
 h - 77 poisoned darts (quivered)
 i - 157 sling bullets
 j - 10 curare-tipped darts
 n - 224 arrows
 p - 180 bolts
 t - 539 stones
 J - 12 boomerangs
 O - a throwing net
Armour
 d - a +1 pair of gloves (worn)
 x - a +0 kite shield
 A - a +2 cloak of magic resistance (worn)
 G - a +0 plate armour (worn)
Jewellery
 b - a ring of protection from cold (left hand)
 o - an uncursed amulet of guardian spirit
 K - a ring of resist corrosion (right hand)
 L - an amulet of regeneration (around neck)
Wands
 k - a wand of iceblast (20)
 z - a wand of clouds (6)
 H - a wand of polymorph (7)
 I - a wand of enslavement (13)
 M - a wand of flame (17)
 N - a wand of acid (6)
 Q - a wand of disintegration (27)
 X - a wand of paralysis (26)
Scrolls
 e - 11 scrolls of remove curse
 g - 2 scrolls of immolation
 u - 3 scrolls of magic mapping
 y - 9 scrolls of teleportation
 C - 4 scrolls of enchant armour
 D - 3 scrolls of enchant weapon
 F - 5 scrolls of identify
 P - 2 scrolls of fog
 R - a scroll of fear
 U - a scroll of blinking
Potions
 a - 3 potions of cancellation
 f - 2 potions of mutation
 l - 3 potions of might
 m - 2 potions of berserk rage
 r - 9 potions of curing
 s - 4 potions of haste
 v - 7 potions of heal wounds
 w - a potion of lignification
 E - a potion of invisibility
 V - 2 potions of ambrosia
 W - a potion of resistance
 Y - 3 potions of flight
Comestibles
 c - 45 rations
 q - a chunk of flesh


   Skills:
 + Level 13.4 Fighting
 * Level 19.4 Axes
 + Level 9.9 Armour
 + Level 9.1 Dodging
 - Level 2.5 Stealth
 - Level 8.0 Evocations


You had 13 spell levels left.
You didn't know any spells.
Your spell library contained the following spells:

 Spells                   Type           Power        Failure   Level  Hunger
 Animate Skeleton         Necr           N/A          99%         1    ##.....
 Apportation              Tloc           #.....       99%         1    ##.....
 Corona                   Hex            #......      99%         1    ##.....
 Magic Dart               Conj           #...         99%         1    ##.....
 Pain                     Necr           #...         99%         1    ##.....
 Summon Small Mammal      Summ           #...         99%         1    ##.....
 Call Imp                 Summ           #.......     100%        2    ###....
 Searing Ray              Conj           #.....       100%        2    ###....
 Call Canine Familiar     Summ           #.......     100%        3    ####...
 Dazzling Flash           Conj/Hex       #.....       100%        3    ####...
 Summon Guardian Golem    Hex/Summ       #.......     100%        3    ####...
 Vampiric Draining        Necr           #.........   100%        3    ####...
 Animate Dead             Necr           N/A          100%        4    #####..
 Fulminant Prism          Conj/Hex       #.........   100%        4    #####..
 Iskenderun's Mystic Bla  Conj/Tloc      #.......     100%        4    #####..
 Summon Ice Beast         Ice/Summ       #.......     100%        4    #####..
 Summon Lightning Spire   Summ/Air       #.......     100%        4    #####..
 Agony                    Necr           #.......     100%        5    ######.
 Silence                  Hex/Air        #.........   100%        5    ######.
 Conjure Ball Lightning   Conj/Air       #.........   100%        6    #######
 Tornado                  Air            #.........   100%        9    #######


Dungeon Overview and Level Annotations

Branches:
Dungeon (11/15)            Temple (0/1) D:4            Lair (6/6) D:11
  Swamp (0/4) Lair:4       Spider (0/4) Lair:4        Slime (0/5) Lair:6
    Orc (1/2) D:9

Altars:
Hepliaklqana
Kikubaaqudgha
Makhleb
Nemelex Xobeh
Okawaru
Qazlal
Ru
Sif Muna
Uskayaw
Wu Jian
Yredelemnul
Zin
Jiyva

Shops:
D:5 **?   D:10 %%}

Portals:
Trove: D:11 (give 8 potions of haste)

Annotations:
D:7 2 transporters
D:8 Harold
Lair:6 Sefotic's ghost, journeyman TeAE


Innate Abilities, Weirdness & Mutations

You reflexively headbutt those who attack you in melee.
You have a pair of horns on your head.


Message History

The 15-headed hydra bites you but does no damage.
The 15-headed hydra misses you. The 15-headed hydra bites you.
* * * LOW HITPOINT WARNING * * *
The 15-headed hydra bites you but does no damage. x2
The 15-headed hydra barely misses you.
The 15-headed hydra bites you but does no damage.
The 15-headed hydra bites you!
* * * LOW HITPOINT WARNING * * *
The 15-headed hydra closely misses you.
Evoke which item? (* to show all) (? for menu, Esc to quit)
Aiming: Corrosive Bolt
Press: ? - help, Shift-Dir - straight line, f/p - 15-headed hydra
Aim: a 15-headed hydra (almost dead)
The bolt of acid hits the 15-headed hydra!!
The 15-headed hydra is splashed with acid.
You kill the 15-headed hydra!
Trog accepts your kill. Sefotic's ghost casts a spell at you.
The bolt of lightning hits you!!
You die...

#
###......##................
#.
#.....^....##..#.....P.#..#
....
###...P...##.P.#....####...
#...# ##................##
#...
.....##..#...#........P##
....
#......................#
..P.
#.......##P.####..P....#
.#..P
##..#.P#.#######...#...##
#...
.........P#†#W.@........#
........PW.#....#P......##
##..#.....#######.........
#...###..##≈♣≈####.......P
.#....##.#.:..≈##.........
#....#..'...?$♣#.#.......
P.......'..)..♣#..?...P..
#P......'.....♣#.........
##...#P.#..[.P##...P..P#.


You could see Sefotic's ghost (swift).

Vanquished Creatures
  6 hydras
  3 catoblepae
  Erica (D:8)
  6 two-headed ogres
  A death yak (Lair:5)
  A fire crab (Lair:6)
  An unseen horror (D:11)
  An orc knight (Orc:1)
  A lindwurm (Lair:5)
  An orb spider (Lair:4)
  3 oklob plants (Lair:3)
  A cyclops (D:10)
  3 ugly things
  2 centaur zombies
  7 black mambas
  3 elephants (Lair:2)
  Psyche (D:8)
  A gargoyle (D:10)
  Maggie (D:6)
  4 spiny frogs
  4 rime drakes
  6 komodo dragons
  2 tengu conjurers (D:10)
  5 trolls
  9 polar bears (Lair:6)
  A bog body (Lair:4)
  3 hippogriffs
  4 raiju (Lair:6)
  13 blink frogs
  Sigmund (D:2)
  A shadow (D:11)
  2 wraiths (D:10)
  2 wyverns
  21 yaks
  2 humans (D:8)
  A steam dragon (Lair:6)
  3 basilisks
  4 wargs (Lair:6)
  A swamp drake (Lair:6)
  13 hell hounds (Lair:6)
  13 water moccasins
  5 orc warriors
  11 porcupines
  13 black bears
  3 phantoms
  4 sky beasts
  4 ice beasts
  2 necrophages
  11 ogres
  2 centaurs
  31 wolves
  14 crocodiles
  A big kobold (D:11)
  14 bullfrogs
  A gnoll sergeant (D:9)
  A water moccasin zombie (D:10)
  A wyvern skeleton (D:8)
  4 scorpions
  3 killer bees (D:9)
  14 wights
  An electric eel (Lair:3)
  4 howler monkeys
  2 quasits
  2 bullfrog zombies
  2 crimson imps
  2 jellies
  9 hounds
  3 bullfrog skeletons
  8 orc wizards
  8 orc priests
  Crazy Yiuf (D:4)
  2 centaur skeletons
  Natasha (thrice) (D:2)
  16 iguanas
  4 worker ants
  A killer bee zombie (D:5)
  A hound zombie (D:10)
  A hound skeleton (D:4)
  A howler monkey zombie (D:6)
  3 worker ant zombies
  11 gnolls
  A howler monkey skeleton (D:8)
  7 adders
  2 shadow imps
  3 worms
  3 leopard geckos
  32 orcs
  A ball python (D:2)
  11 bats
  11 giant cockroaches
  10 goblins
  6 hobgoblins
  14 jackals
  3 quokkas
  6 frilled lizards
  8 kobolds
  A leopard gecko skeleton (D:9)
  A quokka skeleton (D:7)
  10 rats
  6 fungi
  12 plants
531 creatures vanquished.

Vanquished Creatures (others)
  A human (D:3)
  35 fungi
  40 plants
76 creatures vanquished.

Grand Total: 607 creatures vanquished

Notes
Turn   | Place    | Note
-------+----------+-------------------------------------------
     0 | D:1      | zhorgal the Minotaur Berserker began the quest for the Orb.
     0 | D:1      | Reached XP level 1. HP: 19/19 MP: 0/0
   235 | D:1      | Reached skill level 4 in Axes
   247 | D:1      | Reached XP level 2. HP: 24/27 MP: 1/1
   778 | D:2      | Reached skill level 5 in Axes
   778 | D:2      | Reached XP level 3. HP: 33/33 MP: 2/2
   942 | D:2      | Reached ** piety under Trog
   942 | D:2      | Reached XP level 4. HP: 30/40 MP: 3/3
  1038 | D:2      | Reached skill level 6 in Axes
  1054 | D:2      | Noticed Natasha
  1062 | D:2      | Killed Natasha
  1280 | D:2      | Noticed Natasha
  1289 | D:2      | Killed Natasha
  1289 | D:2      | Reached XP level 5. HP: 35/46 MP: 4/4
  1371 | D:2      | Reached skill level 7 in Axes
  1372 | D:2      | Noticed Natasha
  1382 | D:2      | Killed Natasha
  1454 | D:2      | Noticed Sigmund
  1462 | D:2      | Killed Sigmund
  1462 | D:2      | Reached skill level 8 in Axes
  1462 | D:2      | Reached XP level 6. HP: 52/52 MP: 5/5
  2026 | D:3      | Found a hide-covered altar of Uskayaw.
  2456 | D:3      | Reached *** piety under Trog
  2656 | D:3      | Found an ancient bone altar of Kikubaaqudgha.
  2657 | D:3      | Noticed a human
  2661 | D:3      | Killed a human
  2712 | D:3      | Found a shimmering blue altar of Sif Muna.
  2868 | D:4      | Reached skill level 9 in Axes
  2977 | D:4      | Found a staircase to the Ecumenical Temple.
  3040 | D:4      | Reached XP level 7. HP: 58/58 MP: 6/6
  3146 | D:4      | Found a glowing silver altar of Zin.
  3262 | D:4      | Reached skill level 10 in Axes
  3642 | D:4      | Found a runed translucent door.
  3643 | D:4      | Noticed Crazy Yiuf
  3648 | D:4      | Killed Crazy Yiuf
  3825 | D:5      | Entered Level 5 of the Dungeon
  3969 | D:5      | Found Woitup's Magic Scroll Emporium.
  4106 | D:5      | Found Qodel's General Store.
  4117 | D:5      | Bought 2 potions of heal wounds for 100 gold pieces
  4117 | D:5      | Bought a scroll of identify for 20 gold pieces
  4173 | D:5      | Found Enwitugg's General Store.
  4175 | D:5      | Bought a scroll of teleportation for 33 gold pieces
  4317 | D:5      | Reached XP level 8. HP: 52/67 MP: 7/7
  4820 | D:6      | Noticed Maggie
  4834 | D:6      | Killed Maggie
  4834 | D:6      | Reached skill level 5 in Fighting
  4834 | D:6      | Reached skill level 11 in Axes
  4834 | D:6      | Reached skill level 1 in Stealth
  5595 | D:6      | Reached **** piety under Trog
  5686 | D:6      | Reached skill level 12 in Axes
  5686 | D:6      | Reached XP level 9. HP: 68/75 MP: 8/8
  6008 | D:7      | Reached skill level 1 in Evocations
  6317 | D:7      | Noticed a brown ugly thing
  6339 | D:7      | Killed a brown ugly thing
  6471 | D:7      | Found a transporter.
  6475 | D:7      | Found a transporter.
  6493 | D:7      | Noticed a deep elf mage
  6495 | D:7      | Found a stormy altar of Qazlal.
  6558 | D:7      | Found a basalt altar of Yredelemnul.
  6642 | D:7      | Reached skill level 13 in Axes
  7002 | D:7      | Found an ornate altar of the Wu Jian Council.
  7295 | D:8      | Noticed Erica
  7308 | D:8      | Noticed a two-headed ogre
  7312 | D:8      | Killed Erica
  7312 | D:8      | Reached XP level 10. HP: 74/88 MP: 11/11
  7341 | D:8      | Killed a two-headed ogre
  7341 | D:8      | Reached skill level 14 in Axes
  7430 | D:8      | Noticed Psyche
  7437 | D:8      | Killed Psyche
  7491 | D:8      | Found a sparkling altar of Nemelex Xobeh.
  7497 | D:8      | Reached ***** piety under Trog
  7648 | D:8      | Noticed Harold
  8049 | D:8      | Found an iron altar of Okawaru.
  8301 | D:8      | Found a hazy altar of Hepliaklqana.
  8308 | D:8      | Found a sacrificial altar of Ru.
  8405 | D:8      | Found a burning altar of Makhleb.
  8663 | D:9      | Reached skill level 5 in Evocations
  8993 | D:9      | Noticed a purple ugly thing
  9008 | D:9      | Killed a purple ugly thing
  9008 | D:9      | Reached skill level 15 in Axes
  9484 | D:9      | Reached XP level 11. HP: 74/99 MP: 14/14
  9730 | D:9      | Found a staircase to the Orcish Mines.
  9890 | Orc:1    | Entered Level 1 of the Orcish Mines
 10126 | Orc:1    | Noticed an orc knight
 10151 | Orc:1    | Received a gift from Trog
 10165 | Orc:1    | Killed an orc knight
 10167 | Orc:1    | Reached skill level 10 in Fighting
 10329 | D:10     | Entered Level 10 of the Dungeon
 10329 | D:10     | Found Pisec's Food Shoppe.
 10350 | D:10     | Found Guorhag's Food Boutique.
 10788 | D:10     | Reached skill level 16 in Axes
 11580 | D:10     | Found Ojinexiq's Gadget Boutique.
 11584 | D:10     | Noticed a two-headed ogre
 11595 | D:10     | Killed a two-headed ogre
 11787 | D:10     | Got a translucent hunting sling
 12034 | D:11     | Noticed a two-headed ogre
 12038 | D:11     | Killed a two-headed ogre
 12050 | D:11     | Noticed a two-headed ogre
 12062 | D:11     | Killed a two-headed ogre
 12101 | D:11     | Noticed a two-headed ogre
 12101 | D:11     | Noticed a two-headed ogre
 12111 | D:11     | Killed a two-headed ogre
 12111 | D:11     | Reached skill level 5 in Armour
 12111 | D:11     | Reached XP level 12. HP: 82/110 MP: 16/16
 12138 | D:11     | Killed a two-headed ogre
 12193 | D:11     | Found a staircase to the Lair.
 12209 | D:11     | Reached skill level 5 in Dodging
 12551 | D:11     | Reached skill level 17 in Axes
 12767 | D:11     | Found a portal to a secret trove of treasure.
 13023 | Lair:1   | Entered Level 1 of the Lair of Beasts
 13868 | Lair:1   | You fall into a shaft and drop 1 floor!
 14928 | Lair:2   | Reached ****** piety under Trog
 15190 | Lair:2   | Noticed an eight-headed hydra
 15198 | Lair:2   | Killed a six-headed hydra
 15872 | Lair:3   | Reached XP level 13. HP: 97/118 MP: 18/18
 15881 | Lair:3   | Received a gift from Trog
 16197 | Lair:3   | Reached skill level 18 in Axes
 17250 | Lair:4   | Found a hole to the Spider Nest.
 17464 | Lair:4   | Found a staircase to the Swamp.
 17503 | Lair:4   | Identified the +7 hunting sling "Southrio" {freeze, Str+4}
                  | (You found it on level 10 of the Dungeon)
 19042 | Lair:6   | Entered Level 6 of the Lair of Beasts
 19042 | Lair:6   | Found a viscous altar of Jiyva.
 19042 | Lair:6   | Found a staircase to the Slime Pits.
 19450 | Lair:6   | Received a gift from Trog
 19579 | Lair:6   | Identified a scroll of acquirement
 19579 | Lair:6   | Acquired 960 gold pieces
 19595 | Lair:6   | Reached skill level 19 in Axes
 19667 | Lair:6   | Reached XP level 14. HP: 85/129 MP: 19/19
 19998 | Lair:6   | Identified the +1 chain mail "Xiowk" {rC+} (You found it on
                  | level 6 of the Lair of Beasts)
 20367 | Lair:6   | Found a runed translucent gate.
 20368 | Lair:6   | Found a runed translucent gate.
 20369 | Lair:6   | Found a runed translucent gate.
 20370 | Lair:6   | Noticed Sefotic's ghost (journeyman TeAE)
 20432 | Lair:6   | Killed from afar by Sefotic's ghost

Illustrated notes

Levels and vault maps discovered:
D:1:      dpeg_arrival_fog, layout_loops_ring
D:2:      layout_loops_ring, grunt_decor_one_mirror, uniq_natasha, uniq_sigmund
D:3:      layout_basic, lemuel_blue_sif_altar, nicolae_overflow_hidden_temple,
          first_ration, tgw_kikubaaqudgha
D:4:      minmay_general_purpose_star, layout_loops_ring, lemuel_crystal_altar,
          minmay_temple_entry_ruins, uniq_crazy_yiuf_cottage
D:5:      layout_basic, serial_shops, shop,
          nicolae_shop_competitors_out_of_business, nicolae_shop_waterfront,
          minmay_misc_feat_tiny
D:6:      layout_loops_corners, uniq_maggie
D:7:      layout_basic, yredelemnul_altar_generic,
          gammafunk_temple_overflow_arena, marbit_many_paths
D:8:      layout_cave_pods, nemelex_xobeh_ov_fountains_minmay,
          amethyst_overflow_temple_binary, okawaru_humans,
          kennysheep_little_box, serial_glass, glass_columns_a, glass_columns_a,
          minmay_circle_x, uniq_harold, uniq_psyche, uniq_erica
D:9:      layout_basic, orc_0_dummy, kennysheep_big_empty_room
D:10:     hangedman_cross_cluster, layout_loops_ring, serial_shops, shop,
          nicolae_shop_behind_doors, nicolae_shop_statue_plus, grunt_tengu_nest
D:11:     layout_loops_ring, due_lair_maze_entry_diamond,
          nicolae_trove_entry_crossroad
Lair:1:   layout_roguey, roderic_batcave, hangedman_lair_unloving_vines,
          hibernation_bobbens, grunt_megastairs_4, serial_bayou_shore_b
Lair:2:   beast_lair_carwin_large_1, layout_small_grid
Lair:3:   layout_cellular_growth, minmay_lair_oklob_chamber,
          serial_bayou_shore_a, lemuel_fruit_fields
Lair:4:   layout_misc_corridors, skrybe_swamp_entry_bodies,
          nicolae_spider_entry_orb_guardian, grunt_megastairs_5
Lair:5:   layout_loops_ring, nicolae_lair_yak_garden, serial_bayou_shore_b
Lair:6:   hangedman_lair_caniforms_friends, layout_loops_ring,
          guppyfry_lair_end_dragon, slime_altar_1, gammafunk_ghost_hydra_chop,
          lemuel_oklob_altar, uniq_urug
Orc:1:    layout_diamond_mine

Skill      XL: |  1  2  3  4  5  6  7  8  9 10 11 12 13 14 |
---------------+-------------------------------------------+-----
Axes           | 4 5 6 8 9 10 12 13 15 16 17 19 | 19.4
Fighting       | 4 6 8 9 11 12 13 | 13.4
Armour         | 3 5 7 9 |  9.9
Dodging        | 3 4 6 8 9 |  9.1
Stealth        | 2 |  2.5
Evocations     | 3 5 7 8 |  8.0

Action                   |  1- 3 |  4- 6 |  7- 9 | 10-12 | 13-15 || total
-------------------------+-------+-------+-------+-------+-------++-------
Melee: Hand axe          |    45 |       |       |       |       ||    45
       Headbutt          |     8 |    10 |    70 |   117 |    74 ||   279
       War axe           |    11 |    93 |   308 |   208 |       ||   620
       Battleaxe         |       |       |       |   377 |   382 ||   759
       Executioner's axe |       |       |       |       |    26 ||    26
Invok: Berserk           |       |     2 |     2 |     6 |       ||    10
       Trog's Hand       |       |       |     1 |     2 |     2 ||     5
Evoke: Wand              |       |       |       |       |     2 ||     2
  Use: Scroll            |       |       |    15 |     8 |     3 ||    26
 Stab: Sleeping          |       |       |     1 |       |       ||     1
  Eat: Chunk             |       |     8 |    16 |    33 |    17 ||    74
Armor: Animal skin       |     9 |       |       |       |       ||     9
       Leather armour    |     3 |    20 |     4 |       |       ||    27
       Ring mail         |       |       |    28 |       |       ||    28
       Plate armour      |       |       |    85 |   302 |   250 ||   637
       Steam dragon scal |       |       |     9 |       |       ||     9
Dodge: Dodged            |    42 |    49 |    70 |   179 |   236 ||   576
Block: Kite shield       |       |       |    51 |    61 |       ||   112
